 Dungeon Crawl Stone Soup version 0.30-a0-1016-gfb0d676c02 (webtiles) character file.

Game seed: 15354334017264392386

299 ytrimaz the Ruffian (level 6, -15/59 (61) HPs)
             Began as a Troll Transmuter on Apr 6, 2023.
             Demolished by Crazy Yiuf
             ... wielding a +2 quarterstaff of chaos
              (19 damage)
             ... on level 3 of the Dungeon.
             The game lasted 00:02:57 (2670 turns).

ytrimaz the Ruffian (Troll Transmuter)              Turns: 2670, Time: 00:02:58

HP:   -15/59 (61)   AC:  4    Str: 25    XL:     6   Next: 13%
MP:   6/6           EV:  9    Int: 11    God:
Gold: 169           SH:  0    Dex: 10    Spells: 4/7 levels left

rFire   . . .      SeeInvis .      - Unarmed
rCold   . . .      Faith    .    (no shield)
rNeg    . . .      Spirit   .    a - +0 robe
rPois   .          Reflect  .    (helmet restricted)
rElec   .          Rampage  .    (no cloak)
rCorr   .                        (gloves unavailable)
Will    .....                    (boots unavailable)
Stlth   ++                       (no amulet)
HPRegen 1.09/turn                k - +6 ring of strength
MPRegen 0.10/turn                (no ring)

@: mighty, lethally poisoned (-15 -> -16), lightly drained
A: large, unfitting armour, claws 3, regeneration 1, shaggy fur 1, tough skin 1,
camouflage 1
a: no special abilities


You were on level 3 of the Dungeon.
You visited 1 branch of the dungeon, and saw 5 of its levels.

You collected 169 gold pieces.


Innate Abilities, Weirdness & Mutations

You are too large for most types of armour.
You have claws for hands.
Your natural rate of healing is unusually fast.
You are covered in fur. (AC +1)
You have tough skin. (AC +1)
Your skin changes colour to match your surroundings (Stealth+).


   Skills:
 * Level 3.4 Fighting
 - Level 1.5 Dodging
 + Level 4.1 Unarmed Combat
 - Level 1.2 Spellcasting
 * Level 2.9 Transmutations


You had 4 spell levels left.
You knew the following spells:

 Your Spells              Type           Power      Damage    Failure   Level
a - Beastly Appendage     Tmut           14%        N/A       10%         1
b - Wereblood             Tmut           7%         N/A       14%         2

Your spell library contained the following spells:

 Spells                   Type           Power      Damage    Failure   Level
 Passwall                 Tmut/Erth      2%         N/A       26%         2
 Necrotise                Necr           0%         1d4       32%         1
 Ensorcelled Hibernation  Hex/Ice        0%         N/A       43%         2
 Spider Form              Tmut/Pois      3%         N/A       45%         3
 Portal Projectile        Hex/Tloc       0%         N/A       67%         3
 Swiftness                Air            0%         N/A       67%         3
 Tukima's Dance           Hex            0%         N/A       67%         3
 Vampiric Draining        Necr           0%         2d6       67%         3
 Ice Form                 Ice/Tmut       3%         N/A       86%         4
 Blade Hands              Tmut           3%         N/A       95%         5
 Agony                    Necr           0%         N/A       100%        5

Inventory:

Armour
 a - a +0 robe (worn)
Jewellery
 b - a ring of positive energy
   (You took it off an orc on level 3 of the Dungeon)
 k - a +6 ring of strength (left claw)
   (You found it on level 2 of the Dungeon)
Scrolls
 c - a scroll of summoning {unknown}
 f - 3 scrolls of teleportation
 i - a scroll of magic mapping
 l - a scroll of enchant weapon
Potions
 d - 2 potions of brilliance
 h - a potion of attraction {unknown}
 j - a potion of berserk rage {unknown}
 m - a potion of curing {unknown}

Dungeon Overview and Level Annotations

Branches:
Dungeon (5/15) Zot: 25940
 Temple: D:4-7

Altars:
Wu Jian

Annotations:
D:1 1 transporter
D:3 Crazy Yiuf
D:4 Edmund

######.#.......#.##..###..
#...############.###.# #..
####.### #.# #)###..
#......# #####
##.###..)... #.##.#.#
#)..# #....######.
#.##.#.# #...#
##.#.[..###. #.##.#.# ...
#..####.##.. #.##.#.# #g#
##.......... #.##.#.# #@##
#.####..#.# #.##.#.# ##.#
#.#####.>.. #.##...# #.##
##.##....... #####.####.#
##.# #..##.#.....
.......#...# ##.##
#####.#..... #####..##.##
##...# #.....'.....
#....##.# #....#
#####.#..... #....##.#
#....# #.....#.....
#......<#####....#
############


You could see Crazy Yiuf.


Message History

Key pressed, stopping explore.
Key pressed, stopping explore.
f - 3 scrolls of teleportation (gained 1)
m - a cyan potion A bat comes into view.
A bat is nearby!
A bat is nearby!
The helpless bat fails to defend itself.
You claw the bat!
You kill the bat!
No target in view!
You see here a bat corpse.
Key pressed, stopping explore.
You see here a +0 robe.
You see here a +0 robe.
Key pressed, stopping explore.
You open the door.
There is an open door here.
You now have 158 gold pieces (gained 14).
Key pressed, stopping explore.
Key pressed, stopping explore.
No target in view!
Key pressed, stopping explore.
No target in view!
Key pressed, stopping explore.
No target in view!
You open the door.
There is an open door here.
You now have 169 gold pieces (gained 11).
Found a stone staircase leading up.
You see here a +0 robe.
Key pressed, stopping explore.
You see here a +0 robe.
Key pressed, stopping explore.
There is a stone staircase leading down here.
You see here a +0 mace.
There is a stone staircase leading up here.
An endoplasm comes into view.
The endoplasm hits you but does no damage.
You claw the endoplasm!
You kill the endoplasm!
Unknown command.
No target in view!
Crazy Yiuf shouts!
Key pressed, stopping explore.
Found an escape hatch in the floor.
Unknown command.
There is an escape hatch in the floor here.
Key pressed, stopping explore.
Crazy Yiuf whimpers, "Cholesterol!"
Could not explore, unopened runed door.
Could not explore, unopened runed door.
Could not explore, unopened runed door.
Press: ? - help, v - describe, . - travel
Here: Crazy Yiuf, wielding a +2 quarterstaff of chaos and wearing a +1 cloak of preservation (fire blocked by a runed translucent door)
The floor.
Unknown command.
It was a potion of heal wounds.
You feel much better.
You open the door. You scratch Crazy Yiuf. Your claw misses Crazy Yiuf.
Crazy Yiuf hits you with a +2 quarterstaff of chaos! 😕 HP[-13]
You take 13 damage, and now have 48/61 hp.
MASSIVE DAMAGE!! (PAUSE)
You scratch Crazy Yiuf.
Crazy Yiuf hits you with a +2 quarterstaff of chaos!
You feel drained. 😮 HP[-13]
You now have 59 max hp (-2).
You take 13 damage, and now have 35/59 hp.
MASSIVE DAMAGE!! (PAUSE)
You closely miss Crazy Yiuf.
Crazy Yiuf hits you with a +2 quarterstaff of chaos!
You are poisoned. 😮 HP[-5]
You take 5 damage, and now have 30/59 hp.
It was a potion of might.
You feel very mighty all of a sudden.
You feel very sick.
Crazy Yiuf flaps his cloak.
Crazy Yiuf hits you but does no damage. 😨 HP[-2]
You take 2 damage, and now have 28/59 hp.
Unknown command.
You completely miss Crazy Yiuf.
You feel sick.
Crazy Yiuf sings, "Trees, trees, trees, circus!"
Crazy Yiuf closely misses you. 😨 HP[-1]
You take 1 damage, and now have 27/59 hp.
Unknown command.
You barely miss Crazy Yiuf.
You feel sick.
Crazy Yiuf hits you with a +2 quarterstaff of chaos!
* * * LOW HITPOINT WARNING * * *
😨 HP[-10]
You take 10 damage, and now have 17/59 hp.
You completely miss Crazy Yiuf. You claw Crazy Yiuf.
You feel sick.
Crazy Yiuf hits you with a +2 quarterstaff of chaos!
* * * LOW HITPOINT WARNING * * *
You are electrocuted!!
You die...

Skill      XL: |  1  2  3  4  5 |
---------------+----------------+-----
Fighting       | 1 2 3 |  3.4
Transmutations | 2 |  2.9
Unarmed Combat | 4 |  4.1
Dodging        | |  1.5
Spellcasting   | |  1.2

Action                     |  1- 3 |  4- 6 || total
---------------------------+-------+-------++-------
  Melee: Unarmed           |    83 |    63 ||   146
         Punch             |       |     3 ||     3
    Use: Scroll            |     7 |     1 ||     8
         Potion            |     1 |     3 ||     4
   Stab: Sleeping          |     1 |     2 ||     3
 Armour: Robe              |    31 |    16 ||    47
         Skin              |    31 |     1 ||    32
  Dodge: Dodged            |    41 |    17 ||    58

Levels and vault maps discovered:
D:1:      spicycebolla_arrival_risky_transporter, layout_basic,
          dreamdust_ecumenical_altar_drowned_temple, serial_aquarium,
          aquarium_bridge_long_separate [aquarium_subvault_bridge,
          aquarium_subvault_wall, aquarium_subvault_bridge,
          aquarium_subvault_window, aquarium_subvault_bridge,
          aquarium_subvault_wall], aquarium_bridge_straight
          [aquarium_subvault_bridge, aquarium_subvault_window,
          aquarium_subvault_bridge, aquarium_subvault_wall], aquarium_window_1,
          aquarium_window_corner, aquarium_view_2e, aquarium_view_2e,
          aquarium_balcony_3a, aquarium_pool_corner, corexii_hall_statues_l
D:2:      layout_loops_ring, basic_altar
D:3:      layout_basic, minmay_misc_feat_cross, reono_crystal_passage,
          minmay_checkerbox, uniq_crazy_yiuf_cottage
D:4:      layout_gridville, uniq_edmund
D:5:      layout_loops_ring, mainiacjoe_overflow_small_starburst, uniq_sigmund,
          uniq_prince_ribbit1, uniq_blork_the_orc, uniq_ijyb

Notes
Turn   | Place    | Note
-------+----------+-------------------------------------------
     0 | D:1      | ytrimaz the Troll Transmuter began the quest for the Orb.
     0 | D:1      | Reached XP level 1. HP: 18/18 MP: 1/1
     0 | D:1      | magus.rc [v1.9.6]
    29 | D:1      | Reached skill level 1 in Fighting
    42 | D:1      | Found a faded altar of an unknown god.
   163 | D:1      | Reached XP level 2. HP: 25/27 MP: 2/2
   324 | D:1      | You pick up a book of Burglary and begin reading...
   324 | D:1      | You add the spells Passwall, Ensorcelled Hibernation and
                  | Swiftness to your library.
   495 | D:1      | Reached skill level 2 in Fighting
   802 | D:2      | Learned a level 2 spell: Wereblood
   806 | D:2      | Reached XP level 3. HP: 35/35 MP: 3/3
   857 | D:2      | Found an ornate altar of the Wu Jian Council.
   977 | D:2      | You pick up a book of Necromancy and begin reading...
   977 | D:2      | You add the spells Necrotise, Vampiric Draining and Agony
                  | to your library.
  1404 | D:3      | Noticed a centaur
  1428 | D:3      | Killed a centaur
  1429 | D:3      | Reached skill level 2 in Transmutations
  1429 | D:3      | Reached XP level 4. HP: 36/44 MP: 4/4
  1482 | D:3      | You pick up a book of Weapons and begin reading...
  1482 | D:3      | You add the spells Tukima's Dance, Portal Projectile and
                  | Blade Hands to your library.
  1564 | D:3      | Reached XP level 5. HP: 52/52 MP: 5/5
  1580 | D:3      | You fall into a shaft and drop 2 floors!
  1580 | D:5      | Entered Level 5 of the Dungeon
  1635 | D:4      | Reached skill level 3 in Fighting
  1715 | D:4      | Reached skill level 4 in Unarmed Combat
  1819 | D:4      | Identified the +1 leather armour of the Centipede {MP+9}
  1879 | D:4      | Noticed Edmund
  1881 | D:4      | Gained mutation: Your skin changes colour to match your
                  | surroundings (Stealth+). [potion of mutation]
  1901 | D:3      | Reached XP level 6. HP: 48/61 MP: 6/6
  2587 | D:3      | Found a runed translucent door.
  2588 | D:3      | Noticed Crazy Yiuf
  2670 | D:3      | HP: 4/59 [Crazy Yiuf/+2 quarterstaff of chaos (13)]
  2670 | D:3      | Demolished by Crazy Yiuf

Vanquished Creatures
  A centaur (D:3)
  A scorpion (D:4)
  A hound (D:4)
  An iguana (D:4)
  An orc wizard (D:3)
  An adder (D:3)
  2 dart slugs
  5 orcs
  6 bats
  5 endoplasms
  5 giant cockroaches
  5 goblins
  10 hobgoblins
  2 jackals (D:1)
  A quokka (D:1)
  7 ball pythons
  3 frilled lizards
  6 kobolds
  A rat (D:1)
  A spectral goblin (D:1)
65 creatures vanquished.

Table legend:
 A = Non-vault XP
 B = Vault XP
 C = Vault XP percentage of total XP
 D = Non-vault monster count
 E = Vault monster count
 F = Vault count percentage of total count
                 A         B        C        D         E       F
            +---------+---------+-------+---------+---------+-------
      Total |     421 |       7 |   1.6 |      60 |       5 |   7.7
            +---------+---------+-------+---------+---------+-------
        D:1 |      35 |       1 |   2.8 |      18 |       1 |   5.3
        D:2 |      23 |       0 |   0.0 |      12 |       0 |   0.0
        D:3 |     192 |       6 |   3.0 |      21 |       4 |  16.0
        D:4 |     168 |       0 |   0.0 |       8 |       0 |   0.0
        D:5 |       3 |       0 |   0.0 |       1 |       0 |   0.0
            +---------+---------+-------+---------+---------+-------

Illustrated notes

Table legend:
 A = Kills in this place as a percentage of kills in the entire game.
 B = Kills by you in this place as a percentage of kills by you in the entire game.
 C = Kills by friends in this place as a percentage of kills by friends in the entire game.
 D = Other kills in this place as a percentage of other kills in the entire game.
 E = Experience gained in this place as a percentage of experience gained in the entire game.
 F = Experience gained in this place divided by the number of levels of this place that you have seen.
                   A       B       C       D       E      F
               +-------+-------+-------+-------+-------+----------------------
         Total | 100.0 | 100.0 |   N/A |   N/A | 100.0 |  85.6
       Dungeon | 100.0 | 100.0 |   N/A |   N/A | 100.0 |  85.6
               +-------+-------+-------+-------+-------+----------------------

Table legend: (Time is in decaauts)
 A = Elapsed time spent in this place.
 B = Non-inter-level travel time spent in this place.
 C = Inter-level travel time spent in this place.
 D = Time resting spent in this place.
 E = Time spent auto-exploring this place.
 F = Levels seen in this place.
 G = Mean time per level.
                   A        B        C        D        E       F      G
               +--------+--------+--------+--------+--------+-----+--------+
         Total |   2659 |   2614 |     45 |     40 |   2087 |   5 |  531.8 |
       Dungeon |   2659 |   2614 |     45 |     40 |   2087 |   5 |  531.8 |
               +--------+--------+--------+--------+--------+-----+--------+

Top non-repeatable levels by time:
     D:3: 1038 daAuts
     D:1: 733 daAuts
     D:2: 582 daAuts
     D:4: 277 daAuts
     D:5: 27 daAuts
